 Dungeon Crawl Stone Soup version 0.31.0-9-g3a7656b989 (webtiles) character file.

Game seed: 5467022320207080912

109 qw the Skirmisher (level 4, -1/25 HPs)
             Began as a Deep Elf Hunter on Feb 2, 2024.
             Slain by a gnoll
             ... wielding a +0 halberd
              (3 damage)
             ... on level 3 of the Dungeon.
             The game lasted 00:00:08 (1622 turns).

qw the Skirmisher (Deep Elf Hunter)                 Turns: 1622, Time: 00:00:08

Health: -1/25      AC: 12    Str: 10    XL:     4   Next: 60%
Magic:  6/6        EV: 11    Int: 14    God:
Gold:   105        SH:  0    Dex: 18    Spells: 3/3 levels left

rFire   . . .        a - +0 shortbow
rCold   . . .        (shield currently unavailable)
rNeg    . . .        h - +0 ring mail
rPois   .            b - +0 helmet
rElec   .            (no cloak)
rCorr   .            g - +0 pair of gloves
SInv    .            c - +0 pair of boots
Will    .....        (no amulet)
Stlth   +            f - +4 ring of protection
HPRegen 0.24/turn    (no ring)
MPRegen 0.10/turn

%: no passive effects
@: no status effects
A: no striking features
a: no special abilities


You were on level 3 of the Dungeon.
You visited 1 branch of the dungeon, and saw 3 of its levels.

You collected 165 gold pieces.
You spent 60 gold pieces at shops.


   Skills:
 - Level 1.5 Fighting
 - Level 8.0 Ranged Weapons
 + Level 0.0 Armour
 - Level 2.4 Dodging
 - Level 1.2 Stealth


You had 3 spell levels left.
You didn't know any spells.
Your spell library was empty.

Inventory:

Hand Weapons
 a - a +0 shortbow (weapon)
Armour
 b - a +0 helmet (worn)
 c - a +0 pair of boots (worn)
 g - a +0 pair of gloves (worn)
 h - a +0 ring mail (worn)
Jewellery
 f - a +4 ring of protection (left hand)
Scrolls
 e - 6 scrolls of identify
Potions
 d - 2 potions of curing

Dungeon Overview and Level Annotations

Branches:
Dungeon (3/15)

Altars:
Vehumet

Shops:
D:1 ?


Message History

You shoot an arrow.
The arrow hits Terence but does no damage.
Terence is moderately wounded.
Terence hits you from afar with a +0 trident.
You shoot an arrow.
The arrow hits Terence but does no damage.
Terence is moderately wounded.
Terence hits you from afar with a +0 trident. x2
You shoot an arrow. The arrow barely misses Terence.
Terence closely misses you.
You shoot an arrow. The arrow hits Terence.
Terence is heavily wounded.
Terence hits you from afar with a +0 trident.
You shoot an arrow. The arrow closely misses Terence.
Terence barely misses you.
You shoot an arrow. The arrow barely misses Terence.
Terence hits you from afar with a +0 trident.
You shoot an arrow.
The arrow hits Terence but does no damage.
Terence is heavily wounded.
Terence hits you but does no damage. Terence barely misses you.
You shoot an arrow. The arrow completely misses Terence.
Terence misses you.
You shoot an arrow. The arrow hits Terence.
Terence is severely wounded.
Terence closely misses you.
You shoot an arrow.
The arrow hits Terence but does no damage.
Terence is severely wounded.
Terence barely misses you.
You shoot an arrow. The arrow hits Terence!
You kill Terence!
Your Ranged Weapons skill increases to level 8!
You shoot an arrow. The arrow hits the gnoll.
The gnoll is heavily wounded.
The gnoll closely misses you.
The gnoll hits you from afar with a +0 halberd!
You shoot an arrow. The arrow barely misses the gnoll.
The gnoll hits you from afar with a +0 halberd.
You die...

.. .. .. .# .#
.####### g#
#......####.##.###
# #.......@.......
##.#.##..######.##.
.........#
...#....##
...#....######
........<....#
.......#####.#
....... #......


You could see a gnoll.

Vanquished Creatures
  Terence (D:3)
  3 adders (D:2)
  A ribbon worm (D:2)
  9 bats
  3 endoplasms
  2 giant cockroaches
  3 hobgoblins
  7 quokkas
  7 ball pythons
  3 frilled lizards
  7 goblins
  7 rats
53 creatures vanquished.

Notes
Turn   | Place    | Note
-------+----------+-------------------------------------------
     0 | D:1      | qw the Deep Elf Hunter began the quest for the Orb.
     0 | D:1      | Reached XP level 1. HP: 12/12 MP: 3/3
     0 | D:1      | 0 ||| qw: Version: 0.3-a-155-g5e7d8dd
     0 | D:1      | 0 ||| qw: Game counter: 2037
     0 | D:1      | 0 ||| qw: Melee chars always use a shield: true
     0 | D:1      | 0 ||| qw: God list: Okawaru
     0 | D:1      | 0 ||| qw: Allow faded altars: false
     0 | D:1      | 0 ||| qw: Do Orc after clearing Dungeon:15 true
     0 | D:1      | 0 ||| qw: Do second Lair branch before Depths: true
     0 | D:1      | 0 ||| qw: Lair rune preference: random
     0 | D:1      | 0 ||| qw: Goals: Normal
     0 | D:1      | 0 ||| PLANNING D:1-11
   125 | D:1      | Reached skill level 6 in Ranged Weapons
   125 | D:1      | Reached XP level 2. HP: 16/16 MP: 4/4
   316 | D:1      | Found Ymavucite's Magic Scroll Emporium.
   327 | D:1      | 327 ||| BUYING scroll of identify (20 gold).
   327 | D:1      | Bought a scroll of identify for 20 gold pieces
   327 | D:1      | 327 ||| BUYING scroll of identify (20 gold).
   327 | D:1      | Bought a scroll of identify for 20 gold pieces
   327 | D:1      | 327 ||| BUYING scroll of identify (20 gold).
   327 | D:1      | Bought a scroll of identify for 20 gold pieces
   327 | D:1      | 327 ||| SHOPLISTING scroll of teleportation (30 gold, have
                  | 18).
   638 | D:1      | 638 ||| UPGRADING to +0 pair of gloves.
   643 | D:1      | 643 ||| UPGRADING to +0 ring mail.
   653 | D:1      | 653 ||| DROPPING +0 leather armour.
   654 | D:1      | 654 ||| READING 7 scrolls of identify.
   654 | D:1      | 654 ||| IDENTIFYING sedimented golden potion
   655 | D:1      | 655 ||| READING 6 scrolls of identify.
   655 | D:1      | 655 ||| IDENTIFYING scroll labelled TIUW WO YDAEJ
   656 | D:1      | 656 ||| DROPPING scroll of butterflies.
   657 | D:1      | 657 ||| DROPPING potion of degeneration.
   658 | D:1      | 658 ||| DROPPING scroll of poison.
   713 | D:2      | Reached XP level 3. HP: 20/20 MP: 5/5
   783 | D:2      | Reached skill level 7 in Ranged Weapons
  1112 | D:2      | Found a radiant altar of Vehumet.
  1134 | D:2      | Reached XP level 4. HP: 25/25 MP: 6/6
  1412 | D:2      | Found a faded altar of an unknown god.
  1559 | D:2      | 1559 ||| UPGRADING to +0 helmet.
  1564 | D:2      | 1564 ||| UPGRADING to +0 pair of boots.
  1569 | D:2      | 1569 ||| UPGRADING to +4 ring of protection.
  1570 | D:2      | 1570 ||| READING 7 scrolls of identify.
  1570 | D:2      | 1570 ||| IDENTIFYING 2 ruby potions
  1606 | D:3      | Noticed Terence
  1620 | D:3      | Killed Terence
  1621 | D:3      | Reached skill level 8 in Ranged Weapons
  1621 | D:3      | HP: 2/25 [gnoll/+0 halberd (9)]
  1622 | D:3      | Slain by a gnoll

Levels and vault maps discovered:
D:1:      lemuel_arrival_muddy, layout_basic, serial_shops, shop,
          hangedman_decor_points
D:2:      layout_basic, basic_altar,
          dreamdust_ecumenical_altar_hidden_monk_grotto, minmay_pentomino_s4
D:3:      layout_loops_cross, uniq_natasha, uniq_terence

Skill      XL: |  1  2  3  4 |
---------------+-------------+-----
Ranged Weapons | 6 7 8 |  8.0
Fighting       | |  1.5
Dodging        | |  2.4
Stealth        | |  1.2

Action                     |  1- 3 |  4- 6 || total
---------------------------+-------+-------++-------
   Fire: Shortbow          |   147 |    34 ||   181
    Use: Scroll            |     2 |     1 ||     3
 Armour: Leather armour    |    13 |       ||    13
         Ring mail         |    28 |    10 ||    38
  Dodge: Dodged            |    38 |    10 ||    48

Table legend:
 A = Non-vault XP
 B = Vault XP
 C = Vault XP percentage of total XP
 D = Non-vault monster count
 E = Vault monster count
 F = Vault count percentage of total count
                 A         B        C        D         E       F
            +---------+---------+-------+---------+---------+-------
      Total |     115 |      42 |  26.8 |      48 |       5 |   9.4
            +---------+---------+-------+---------+---------+-------
        D:1 |      38 |       0 |   0.0 |      23 |       0 |   0.0
        D:2 |      76 |       6 |   7.3 |      24 |       4 |  14.3
        D:3 |       1 |      36 |  97.3 |       1 |       1 |  50.0
            +---------+---------+-------+---------+---------+-------
